 Dungeon Crawl Stone Soup version 0.22-a0-619-ga0c6fd2 (webtiles) character file.

22314 sking99 the Grappler (level 12, -6/130 HPs)
             Began as an Ogre Transmuter on July 14, 2018.
             Was a High Priest of Okawaru.
             Mangled by a fire crab (7 damage)
             ... in a volcano.
             The game lasted 01:05:00 (19526 turns).

sking99 the Grappler (Ogre Transmuter)             Turns: 19526, Time: 01:05:02

Health: -6/130     AC:  2    Str: 17    XL:     12   Next: 99%
Magic:  10/17      EV: 32    Int: 15    God:    Okawaru [*****.]
Gold:   642        SH:  0    Dex: 17    Spells: 7/17 levels left

rFire    + . .     SeeInvis .     - Unarmed
rCold    . . .     Gourm    .   (shield currently unavailable)
rNeg     . . .     Faith    .   (armour currently unavailable)
rPois    x         Spirit   .   (helmet currently unavailable)
rElec    .         Reflect  .   (cloak currently unavailable)
rCorr    .         Harm     .   (gloves unavailable)
MR       ++...                  (boots unavailable)
Stlth    +++.......             (no amulet)
HPRegen  0.31/turn              v - ring of protection from fire
MPRegen  0.15/turn              f - ring of protection from magic

@: spider-form (expiring), heroism
A: tiny, unfitting armour
a: End Transformation, Heroism, Finesse, Renounce Religion


You were in a volcano.
You worshipped Okawaru.
Okawaru was extremely pleased with you.
You were not hungry.
You were a venomous arachnid creature.
You visited 3 branches of the dungeon, and saw 15 of its levels.
You also visited: Ossuary and Volcano.

You collected 642 gold pieces.

Inventory:

Hand Weapons
 H - the +8 whip "Ultimatum" {slash, rF+++ rC+ MR- Str+3}
   (You took it off Grum on level 9 of the Dungeon)

   It inflicts extra damage upon your enemies.
   It affects your strength (+3).
   It renders you almost immune to fire.
   It protects you from cold.
   It affects your resistance to hostile enchantments.
Missiles
 a - 182 arrows
 r - 2 throwing nets (quivered)
Armour
 n - a +2 cloak (melded)
 q - a +1 robe of magic resistance (melded)
Jewellery
 f - a ring of protection from magic (right front leg)
 k - a +5 ring of dexterity
 u - an uncursed ring of protection from cold
 v - a ring of protection from fire (left front leg)
 y - an uncursed amulet of faith
 A - the ring "Neul" {+Inv rPois Dex+3 SInv}
   (You took it off an orc priest on level 7 of the Dungeon)

   [ring of see invisible]

   It affects your dexterity (+3).
   It protects you from poison.
   It lets you see invisible.
   It lets you turn invisible.
 G - an uncursed amulet of rage {unknown}
Scrolls
 b - a scroll of immolation
 e - 10 scrolls of remove curse
 g - 3 scrolls of enchant armour
 h - a scroll of acquirement
 m - 5 scrolls of amnesia
 o - 8 scrolls of teleportation
 p - 3 scrolls of fear
 s - a scroll of vulnerability
 z - a scroll of brand weapon
 B - 2 scrolls of magic mapping
 F - a scroll of fog
Potions
 c - a potion of cancellation
 i - a potion of brilliance
 j - 8 potions of curing
 l - a potion of lignification
 t - a potion of might
 w - 2 potions of agility
 x - a potion of berserk rage
 C - a potion of heal wounds
 D - a potion of resistance
 E - 2 potions of flight
 I - a potion of invisibility
Miscellaneous
 K - a lamp of fire
Comestibles
 d - 16 rations


   Skills:
 + Level 11.3(16.3) Fighting
 + Level 8.3(13.3) Dodging
 - Level 12.0(17.0) Unarmed Combat
 - Level 3.0 Spellcasting
 - Level 8.0 Transmutations
 - Level 4.0 Ice Magic
 - Level 1.0 Poison Magic
 + Level 7.1 Invocations


You had 7 spell levels left.
You knew the following spells:

 Your Spells              Type           Power        Failure   Level  Hunger
a - Beastly Appendage     Tmut           ####..       4%          1    #......
b - Sticks to Snakes      Tmut           ####....     5%          2    ##.....
c - Spider Form           Tmut/Pois      ###.......   24%         3    ###....
d - Ice Form              Ice/Tmut       ###.....     36%         4    #####..

Your spell library contained the following spells:

 Spells                   Type           Power        Failure   Level  Hunger
 Confuse                  Hex            #.......     73%         3    ###....
 Tukima's Dance           Hex            #.......     73%         3    ###....
 Blade Hands              Tmut           ####......   41%         5    ######.
 Ensorcelled Hibernation  Hex/Ice        #.....       30%         2    ##.....
 Corona                   Hex            #......      41%         1    #......
 Dazzling Spray           Conj/Hex       #.....       73%         3    ###....


Dungeon Overview and Level Annotations

Branches:
Dungeon (11/15)            Temple (1/1) D:4            Lair (3/6) D:10
    Orc (0/2) D:11
  Swamp: Lair:2-4    Shoals: Lair:2-4     Snake: Lair:2-4    Spider: Lair:2-4

Altars:
Ashenzari
Cheibriados
Dithmenos
Elyvilon
Fedhas
Gozag
Hepliaklqana
Kikubaaqudgha
Makhleb
Nemelex Xobeh
Okawaru
Qazlal
Ru
Sif Muna
Trog
Uskayaw
Vehumet
Wu Jian
Xom
Yredelemnul
Zin
The Shining One

Shops:
D:5 }   D:10 ?   D:11 *

Annotations:
D:5 2 transporters Volcano exclusion: obsidian statue


Innate Abilities, Weirdness & Mutations

You are too large for most types of armour.
((You have tough skin. (AC +1)))


Message History

You hit the ufetubus but do no damage.
The ufetubus is poisoned.
Your front legs slow down.
You hit the fire crab but do no damage.
The fire crab is poisoned.
The ufetubus completely misses you. x2; The fire crab completely misses you.
The fire crab claws you!
* * * LOW HITPOINT WARNING * * *
You are engulfed in flames.
You resist.
* * * LOW HITPOINT WARNING * * *
Unknown command.
You hit the fire crab.
The fire crab looks as sick as possible!
The fire crab is lightly wounded.
The ufetubus disappears in a puff of smoke!
You maul the fire crab!!
The fire crab looks as sick as possible!
The fire crab is severely wounded.
The fire crab completely misses you. The fire crab claws you!
* * * LOW HITPOINT WARNING * * *
You are engulfed in flames!
You resist.
You die...

####§§≈≈#.# #§§§.####.#
##### ####§§§§#.#
####..§§ #§§§§####.#
####....≈§≈
####§§§§#.###8......§§§
#§§§§####.'.......§≈≈≈≈
####§§§§#####8....≈§§≈≈
#§§§§#### ###..≈§§§≈≈
#####.s§# ###§.≈§§§≈≈
###t8####..§§§§§≈≈§
5.##.#..§§§≈§≈≈§
.)##...§§§§§§§≈§
!###..§§§§≈≈§≈≈§ ##
#..§§§§≈§§§≈§
###...§§§≈§≈≈
##...≈§≈≈≈§ ##...≈.≈≈≈


You could see an obsidian statue, a fire crab and an ufetubus.

Vanquished Creatures
  A hydra (Lair:1)
  2 two-headed ogres
  A hell hog (Volcano)
  Pikel (D:6)
  2 manticores (D:11)
  5 elephants (Lair:2)
  3 spiny frogs
  3 centaur skeletons
  A komodo dragon (Lair:3)
  2 trolls
  A merfolk (D:11)
  6 hippogriffs
  A wraith (D:9)
  11 fire bats (Volcano)
  A basilisk (Lair:2)
  21 yaks
  Grum (D:9)
  A steam dragon (D:10)
  3 hungry ghosts (D:11)
  Edmund (D:6)
  A soldier ant (D:11)
  6 water moccasins
  Duvessa (D:6)
  4 porcupines (Lair:2)
  A hell hound (Volcano)
  4 orc warriors
  2 sky beasts
  3 ice beasts
  A slave (D:6)
  3 phantoms
  2 eyes of draining
  3 ogres
  8 wolves
  A black bear (D:11)
  9 centaurs
  4 crocodiles
  5 bullfrogs
  2 big kobolds
  Dowan (D:6)
  3 scorpions
  A water moccasin zombie (D:8)
  5 killer bees (D:8)
  9 wights
  A vampire bat (Lair:2)
  7 howler monkeys
  6 lava snakes (Volcano)
  2 bullfrog zombies (Ossuary)
  2 centaur zombies
  A quasit (D:10)
  2 bullfrog skeletons
  5 orc priests
  8 hounds
  5 orc wizards
  2 iguanas (D:11)
  3 worker ants
  A killer bee zombie (Ossuary)
  A hound skeleton (D:7)
  19 mummies (Ossuary)
  3 howler monkey zombies (Ossuary)
  3 worker ant zombies
  A howler monkey skeleton (D:4)
  6 gnolls
  11 adders
  3 shadow imps
  An ooze (D:7)
  2 adder zombies
  A worm (D:5)
  2 dart slugs
  5 leopard geckos
  31 orcs
  3 giant cockroaches
  4 goblins
  7 hobgoblins
  9 jackals
  2 quokkas
  2 ball pythons
  15 bats
  6 frilled lizards
  A giant cockroach zombie (Ossuary)
  A jackal zombie (Ossuary)
  11 kobolds
  A leopard gecko skeleton (D:4)
  4 quokka zombies
  5 rats
352 creatures vanquished.

Vanquished Creatures (collateral kills)
  A wight (D:8)
  A mummy (Ossuary)
2 creatures vanquished.

Vanquished Creatures (others)
  An orc wizard (D:6)
  A gnoll (D:6)
  4 fungi
  3 plants
  4 withered plants (Ossuary)
13 creatures vanquished.

Grand Total: 367 creatures vanquished

Notes
Turn   | Place    | Note
-------+----------+-------------------------------------------
     0 | D:1      | sking99 the Ogre Transmuter began the quest for the Orb.
     0 | D:1      | Reached XP level 1. HP: 19/19 MP: 3/3
   293 | D:1      | Reached XP level 2. HP: 17/27 MP: 5/5
   592 | D:1      | Reached skill level 3 in Unarmed Combat
  1217 | D:2      | Reached XP level 3. HP: 33/33 MP: 7/7
  1253 | D:2      | Learned a level 2 spell: Sticks to Snakes
  1257 | D:2      | Learned a level 3 spell: Spider Form
  1456 | D:2      | Found a white marble altar of Elyvilon.
  2018 | D:2      | Reached XP level 4. HP: 30/42 MP: 0/8
  2542 | D:3      | Reached skill level 1 in Poison Magic
  3474 | D:4      | Reached XP level 5. HP: 49/49 MP: 2/9
  3625 | D:4      | Found a staircase to the Ecumenical Temple.
  3636 | D:4      | Reached skill level 4 in Unarmed Combat
  3640 | Temple   | Entered the Ecumenical Temple
  3811 | Temple   | Became a worshipper of Warmaster Okawaru
  3914 | D:4      | Noticed an ogre
  3929 | D:4      | Killed an ogre
  4157 | D:4      | Reached XP level 6. HP: 57/61 MP: 3/10
  4800 | D:5      | Entered Level 5 of the Dungeon
  4865 | D:5      | Reached * piety under Okawaru
  4870 | D:5      | Reached XP level 7. HP: 20/70 MP: 8/11
  5254 | D:5      | Reached skill level 5 in Unarmed Combat
  5410 | D:5      | Found Tudiogij's Gadget Shoppe.
  6010 | D:5      | Found a transporter.
  6124 | D:5      | Found a transporter.
  6263 | D:6      | Noticed Duvessa
  6263 | D:6      | Noticed Dowan
  6282 | D:6      | Killed Duvessa
  6293 | D:6      | Killed Dowan
  6293 | D:6      | Reached XP level 8. HP: 58/79 MP: 7/12
  6354 | D:6      | Reached skill level 5 in Fighting
  6447 | D:6      | Reached skill level 6 in Unarmed Combat
  6577 | D:6      | Noticed Pikel
  6599 | D:6      | Killed Pikel
  6812 | D:6      | Found a sparkling altar of Nemelex Xobeh.
  6954 | D:6      | Reached ** piety under Okawaru
  6954 | D:6      | Reached skill level 7 in Unarmed Combat
  6954 | D:6      | Reached XP level 9. HP: 92/92 MP: 7/13
  6959 | D:6      | Reached skill level 5 in Transmutations
  7219 | D:6      | Noticed Edmund
  7226 | D:6      | Killed Edmund
  7880 | D:7      | Reached skill level 5 in Dodging
  7928 | D:7      | Reached skill level 8 in Unarmed Combat
  7951 | D:7      | Reached *** piety under Okawaru
  8061 | D:7      | Found a sand-covered staircase.
  8073 | D:7      | Reached XP level 10. HP: 76/104 MP: 14/14
  8114 | Ossuary  | Entered an ossuary
  8357 | Ossuary  | Reached skill level 9 in Unarmed Combat
  9070 | D:7      | Got a crude marble ring
  9195 | D:7      | Identified the ring "Neul" {+Inv rPois Dex+3 SInv} (You took it off an orc priest on level 7 of the Dungeon)
  9665 | D:8      | Noticed a two-headed ogre
  9689 | D:8      | Killed a two-headed ogre
  9980 | D:8      | Reached **** piety under Okawaru
  9980 | D:8      | Reached skill level 10 in Unarmed Combat
 10825 | D:8      | Identified a scroll of acquirement
 11045 | D:8      | Reached skill level 10 in Fighting
 11190 | D:9      | Reached XP level 11. HP: 105/117 MP: 15/15
 11202 | D:9      | Noticed a two-headed ogre
 11225 | D:9      | Killed a two-headed ogre
 11516 | D:9      | Found a shadowy altar of Dithmenos.
 11617 | D:9      | Learned a level 4 spell: Ice Form
 11819 | D:9      | Reached skill level 11 in Unarmed Combat
 11927 | D:9      | Noticed Grum
 11955 | D:9      | Killed Grum
 12012 | D:9      | Got a shimmering whip {slash}
 12013 | D:9      | Identified the +8 whip "Ultimatum" {slash, rF+++ rC+ MR- Str+3} (You took it off Grum on level 9 of the Dungeon)
 12280 | D:9      | Reached ***** piety under Okawaru
 12604 | D:10     | Entered Level 10 of the Dungeon
 12628 | D:10     | Found Piteex's Magic Scroll Emporium.
 12691 | D:10     | Reached skill level 1 in Ice Magic
 13001 | D:10     | Found a staircase to the Lair.
 13825 | D:11     | Noticed a manticore
 13845 | D:11     | Killed a manticore
 13961 | D:11     | Noticed a manticore
 13973 | D:11     | Killed a manticore
 14142 | D:11     | Found a staircase to the Orcish Mines.
 14659 | D:11     | Reached XP level 12. HP: 119/130 MP: 16/16
 14683 | D:11     | Found Safaox's Assorted Antiques.
 14737 | D:11     | Received a gift from Okawaru
 15000 | Lair:1   | Entered Level 1 of the Lair of Beasts
 15026 | Lair:1   | Noticed an eight-headed hydra
 15040 | Lair:1   | Killed an eight-headed hydra
 15040 | Lair:1   | Reached skill level 12 in Unarmed Combat
 15845 | Lair:1   | Reached skill level 1 in Invocations
 16697 | Lair:2   | Reached skill level 5 in Invocations
 18163 | Lair:3   | Found a dark tunnel.
 18526 | Volcano  | Entered a volcano
 19481 | Volcano  | Noticed a sun demon
 19486 | Volcano  | Noticed a hell hog
 19514 | Volcano  | Killed a hell hog
 19526 | Volcano  | HP: 1/130 [fire crab (13)]
 19526 | Volcano  | Mangled by a fire crab

Vault maps used:
D:1:      giann_bridges
D:2:      lemuel_doored_altar
D:4:      kennysheep_spiral_hall, minmay_temple_entry_grid
D:5:      gammafunk_steamed_eel, first_ration, serial_shops, shop,
          guppyfry_early_orc_mine
D:6:      lemuel_tele_altar, uniq_edmund, uniq_pikel, uniq_duvessa
D:7:      lightli_ossuary_entry_decrepit_ruins
D:9:      lemuel_coloured_pillars_altar, uniq_grum
D:10:     lair_entry_dummy, serial_shops, shop
D:11:     orc_0_dummy, serial_shops, shop, hangedman_fish_farm
Temple:   regret_index_temple_chain_breaker
Lair:2:   roderic_batcave, disabler_island
Lair:3:   minmay_shoals_entry_beasts, nicolae_volcano_entry_lava_flow
Ossuary:  ossuary_zaba_flooded
Volcano:  volcano_grotto

Skill      XL: |  1  2  3  4  5  6  7  8  9 10 11 12 |
---------------+-------------------------------------+-----
Dodging        | 2 3 4 5 7 8 |  8.3
Unarmed Combat | 3 4 5 7 8 10 11 12 | 12.0
Transmutations | 2 3 4 5 6 8 |  8.0
Fighting       | 2 3 4 6 8 10 11 | 11.3
Spellcasting   | 3 |  3.0
Poison Magic   | 1 |  1.0
Ice Magic      | 2 4 |  4.0
Invocations    | 7 |  7.1

Action                   |  1- 3 |  4- 6 |  7- 9 | 10-12 || total
-------------------------+-------+-------+-------+-------++-------
Melee: Unarmed           |   149 |   143 |   251 |   890 ||  1433
       Headbutt          |     1 |     1 |       |     1 ||     3
       Punch             |       |     2 |     1 |    14 ||    17
       Kick              |       |     1 |       |       ||     1
 Cast: Beastly Appendage |     2 |     2 |       |     1 ||     5
       Spider Form       |     1 |    17 |    21 |    78 ||   117
       Sticks to Snakes  |       |     4 |       |     9 ||    13
Invok: Heroism           |       |       |    14 |    22 ||    36
       Finesse           |       |       |       |     3 ||     3
 Abil: End Transformatio |       |       |       |     1 ||     1
  Use: Scroll            |       |     7 |     4 |    18 ||    29
       Potion            |       |       |       |     1 ||     1
 Stab: Distracted        |       |     1 |       |     2 ||     3
       Sleeping          |       |     1 |       |     1 ||     2
  Eat: Chunk             |     4 |    12 |     9 |    36 ||    61
       Ration            |       |       |     1 |     4 ||     5
Armor: Robe              |    69 |    33 |    18 |    61 ||   181
       Skin              |       |     2 |     2 |    14 ||    18
Dodge: Dodged            |   101 |    90 |   180 |   813 ||  1184

Table legend:
 A = Spawn XP
 B = Non-spawn XP
 C = Spawn XP percentage of total XP
 D = Spawn monster count
 E = Non-spawn monster count
 F = Spawn count percentage of total count
 G = Total turns spent on level
                    A         B        C        D         E        F      G
               +---------+---------+-------+---------+---------+-------+---------
         Total |       0 |   31878 |   0.0 |       0 |     354 |   0.0 | 19526
               +---------+---------+-------+---------+---------+-------+---------
           D:1 |       0 |      33 |   0.0 |       0 |      18 |   0.0 |  1195
           D:2 |       0 |      73 |   0.0 |       0 |      18 |   0.0 |  1311
           D:3 |       0 |      53 |   0.0 |       0 |      16 |   0.0 |   854
           D:4 |       0 |     328 |   0.0 |       0 |      18 |   0.0 |  1787
           D:5 |       0 |     509 |   0.0 |       0 |      20 |   0.0 |   948
           D:6 |       0 |    2255 |   0.0 |       0 |      37 |   0.0 |  1573
           D:7 |       0 |    1824 |   0.0 |       0 |      18 |   0.0 |   826
           D:8 |       0 |    3339 |   0.0 |       0 |      27 |   0.0 |  1843
           D:9 |       0 |    3739 |   0.0 |       0 |      27 |   0.0 |  1494
          D:10 |       0 |    1618 |   0.0 |       0 |      19 |   0.0 |   995
          D:11 |       0 |    4376 |   0.0 |       0 |      36 |   0.0 |  1277
        Lair:1 |       0 |    3186 |   0.0 |       0 |      12 |   0.0 |  1228
        Lair:2 |       0 |    5114 |   0.0 |       0 |      27 |   0.0 |  1926
        Lair:3 |       0 |    1284 |   0.0 |       0 |       8 |   0.0 |   372
       Ossuary |       0 |     675 |   0.0 |       0 |      34 |   0.0 |   715
       Volcano |       0 |    3472 |   0.0 |       0 |      19 |   0.0 |  1000
               +---------+---------+-------+---------+---------+-------+---------
